 Dungeon Crawl Stone Soup version 0.18.1-1-g2f07953 (webtiles) character file.

290838 inmateoo the Brawler (level 19, -5/153 HPs)
             Began as a Demonspawn Monk on May 7, 2016.
             Was the Champion of Cheibriados.
             Slain by Mennas
             ... wielding a +3 eudemon blade of holy wrath
              (15 damage)
             ... on level 2 of the Vaults.
             The game lasted 00:55:13 (31051 turns).

inmateoo the Brawler (Demonspawn Monk)             Turns: 31051, Time: 00:55:15

Health: -5/153     AC: 31    Str: 41    XL:     19   Next: 94%
Magic:  31/31      EV: 22    Int: 25    God:    Cheibriados [******]
Gold:   2779       SH:  9    Dex: 36    Spells: 4 memorised, 14 levels left

rFire  + + .     SeeInvis .       - Unarmed
rCold  . . .     Gourm    .     q - +4 plate armour {rF+}
rNeg   . . .     Faith    .     l - +0 buckler
rPois  +         Spirit   .     Y - +2 hat {Int+3}
rElec  +         Dismiss  .     e - +2 cloak of Xierchodi {rElec}
rCorr  .         Reflect  +     (gloves unavailable)
SustAt .         Harm     .     s - +2 pair of boots
MR     ++...                    W - +2 amulet of reflection
Stlth  ..........               g - ring of protection from magic
                                r - ring of Eskotuyt {rPois rF+ Str+2 Int-4}

@: mighty, glowing, silenced, very slow, very resistant to hostile enchantments,
extremely unstealthy
A: claws 3, horns 2, talons 1, icy blue scales 2, agile 2, powered by death 2,
powered by pain 2, regeneration 1
a: Renounce Religion
}: 2/15 runes: decaying, serpentine


You were on level 2 of the Vaults.
You worshipped Cheibriados.
Cheibriados was exalted by your worship.
You were hungry.

You visited 7 branches of the dungeon, and saw 36 of its levels.
You also visited: Bailey.

You collected 3615 gold pieces.
You spent 836 gold pieces at shops.

Inventory:

Armour
 e - the +2 cloak of Xierchodi (worn) {rElec}
   (You found it on level 4 of the Snake Pit)

   It insulates you from electricity.
 l - a +0 buckler (worn)
 q - a +4 plate armour of fire resistance (worn)
 s - a +2 pair of boots (worn)
 t - a +0 helmet
 Y - a +2 hat of intelligence (worn)
Jewellery
 g - a ring of protection from magic (right claw)
 o - an uncursed ring of protection from cold
 r - the ring of Eskotuyt (left claw) {rPois rF+ Str+2 Int-4}
   (You bought it in a shop on level 2 of the Orcish Mines)

   [ring of protection from fire]

   It affects your strength (+2).
   It affects your intelligence (-4).
   It protects you from fire.
   It protects you from poison.
 C - an uncursed ring of see invisible
 D - the ring of Exoqo {SustAt +Fly rC+ MR- Dex+4}
   (You found it on level 2 of the Lair of Beasts)

   [ring of sustain attributes]

   It sustains your strength, intelligence and dexterity.
   It affects your dexterity (+4).
   It protects you from cold.
   It affects your resistance to hostile enchantments.
   It lets you fly.
 F - a +4 ring of evasion
 L - an uncursed ring of wizardry
 W - a +2 amulet of reflection (around neck)
Wands
 m - a wand of acid (0/15)
 v - a wand of lightning (2/15)
 w - a wand of enslavement (17/24)
 y - a wand of enslavement (17/24)
 B - a wand of digging (7/24)
 G - a wand of iceblast (7/15)
 K - a wand of lightning (2/15)
 M - a wand of confusion (30/48)
 P - a wand of teleportation (3/9)
 Q - a wand of polymorph (16/24)
 R - a wand of teleportation (2/9)
 U - a wand of flame (22/48)
Scrolls
 a - 3 scrolls of identify
 d - 3 scrolls of silence
 k - 11 scrolls of enchant armour
 x - 10 scrolls of remove curse
 A - 2 scrolls of blinking
 J - 4 scrolls of amnesia
 N - 3 scrolls of recharging
 O - 7 scrolls of fear
 S - 3 scrolls of magic mapping
 Z - a scroll of teleportation
Potions
 c - 3 potions of curing
 h - 4 potions of ambrosia
 i - a potion of cancellation
 j - 6 potions of magic
 n - 4 potions of flight
 p - 6 potions of brilliance
 H - 2 potions of might
Comestibles
 b - 21 bread rations
 f - 17 meat rations
 u - 5 slices of pizza
 z - a chunk of flesh
 I - 2 beef jerkies
 X - 13 fruits


   Skills:
 + Level 14.6 Fighting
 + Level 12.0 Armour
 + Level 12.4 Dodging
 - Level 1.7 Stealth
 + Level 1.5 Shields
 * Level 18.6 Unarmed Combat
 + Level 8.2 Spellcasting
 + Level 7.3 Transmutations
 + Level 6.8 Air Magic
 + Level 7.3 Earth Magic
 + Level 15.4 Invocations


You had 14 spell levels left.
You knew the following spells:

 Your Spells              Type           Power        Failure   Level  Hunger
a - Petrify               Trmt/Erth      #####...     21%         4    ##.....
b - Deflect Missiles      Chrm/Air       ####......   100%        6    ######.
c - Apportation           Tloc           ##........   34%         1    None
d - Tornado               Air            #####.....   100%        9    #######


Dungeon Overview and Level Annotations

Branches:
Dungeon (15/15)            Temple (1/1) D:6            Lair (8/8) D:9
  Swamp (4/4) Lair:4        Snake (4/4) Lair:5          Orc (2/2) D:11
    Elf (0/3) Orc:2        Vaults (2/5) D:13          Crypt (0/3) Vaults:2
 Depths (0/5) D:15
  Slime: Lair:6-8

Altars:
Cheibriados
Dithmenos
Elyvilon
Fedhas
Makhleb
Okawaru
Qazlal
Ru
Trog
Xom
Yredelemnul
Zin
The Shining One
Beogh

Shops:
D:7 [   Orc:2 =([[[   Snake:1 :

Portals:
Hell: Lair:8

Annotations:
D:8 Yehuk's ghost, novice GrFi
Lair:6 exclusion: 4 oklob plants
Vaults:2 Mennas


Innate Abilities, Weirdness & Mutations

You have claws for hands.
You are mostly covered in icy blue scales (AC +3, EV -1).
You regenerate health from kills.
You sometimes gain power by taking damage.
You have a pair of horns on your head.
You have sharp toenails.
You are very agile. (Dex +4)
Your natural rate of healing is unusually fast.


Message History

Drink which item? (? for menu, Esc to quit)
Okay, then.
Mennas blocks your attack.
Your headbutt misses Mennas.
Mennas is almost dead.
Mennas completely misses you. Mennas hits you but does no damage.
Unknown command.
Unknown command.
Mennas blocks your attack.
Mennas is almost dead.
You block the brown ugly thing's attack.
Mennas barely misses you. Mennas closely misses you.
Unknown command.
Unknown command.
Mennas blocks your attack.
Mennas is almost dead.
Mennas hits you but does no damage.
Mennas hits you with an eudemon blade of holy wrath!
* * * LOW HITPOINT WARNING * * *
You convulse!
You die...

.....#........'...........######+
.....#........'.(###†###..'......
.(...#........#..'(#.#.'..#......
.....#........#..#######..#......
.....#........#..'.# #.)..#......
.....##########..#######..#......
###### #..#.#.#.#..#...[..
####..#'#[#[#..+......
#.)))@u........#...<..
#.)#).A........#
.....#..#######'##### .....'..# u
..)..#..# .....#..# ....?#..#
#### ####


You could see Mennas and a brown ugly thing.

Vanquished Creatures
  the Lernaean hydra (Swamp:4)
  Saint Roka (Orc:2)
  Vashnia (Snake:4)
  A bone dragon (Vaults:2)
  A tentacled monstrosity (Swamp:4)
  2 thorn hunters
  Agnes (Vaults:1)
  The ghost of CcS the Executioner, an adept MiBe of Trog (Snake:4)
  The ghost of CcS the Executioner, an adept MiBe of Trog (Snake:4)
  A fire giant (Vaults:2)
  7 greater nagas
  Kirke (D:13)
  Wiglaf (Vaults:1)
  4 vault wardens
  Louise (Vaults:1)
  Maud (D:13)
  An orc warlord (Orc:2)
  A ghoul (Vaults:2)
  4 ironheart preservers
  3 spriggan defenders (Vaults:1)
  A very ugly thing (Swamp:4)
  A deep elf annihilator (D:13)
  2 dire elephants (Lair:8)
  Snorg (D:14)
  3 ettins
  A fire dragon (Vaults:2)
  8 vault guards (Vaults:2)
  Josephine (D:13)
  2 yaktaur captains (Vaults:1)
  A rakshasa (Vaults:2)
  3 great orbs of eyes
  31 hydras
  An ice dragon (Vaults:2)
  A catoblepas (D:13)
  A ghost crab (Swamp:4)
  10 naga warriors
  15 anacondas
  7 ogre magi
  4 centaur warriors
  A dancing weapon (Orc:2)
  8 alligators
  21 naga sharpshooters
  A vampire mage (Vaults:2)
  Urug (D:11)
  A sun demon (Lair:8)
  7 shock serpents
  A fire crab (Vaults:1)
  2 salamander mystics
  2 deep elf knights
  3 hell knights
  6 skeletal warriors (D:14)
  3 shadow wraiths (Vaults:2)
  A giant orange brain (Vaults:2)
  16 swamp dragons
  A sea snake (Snake:2)
  A flayed ghost (Vaults:2)
  An unseen horror (Vaults:1)
  2 spriggan druids (Swamp:3)
  5 deep elf archers
  A shambling mangrove (Swamp:2)
  6 naga ritualists
  Pikel (D:7)
  14 hill giants
  3 wizards
  5 ironbrand convokers
  10 harpies
  8 orc knights
  2 oklob plants (Snake:2)
  A wolf spider (Vaults:1)
  3 griffons
  4 hornets
  13 mana vipers
  A manticore (D:11)
  6 deep elf magi
  8 cyclopes
  14 ugly things
  3 elephants (Lair:7)
  3 vault sentinels (Vaults:2)
  A sixfirhy (Lair:8)
  5 guardian serpents
  15 salamanders
  Psyche (D:12)
  52 black mambas
  18 naga magi
  Joseph (D:7)
  3 gargoyles
  4 torpor snails (Lair:8)
  5 orange demons (Lair:8)
  10 komodo dragons
  21 spiny frogs
  A rime drake (Lair:7)
  A hellwing (Lair:8)
  An efreet (D:15)
  A freezing wraith (Vaults:2)
  3 kobold demonologists
  4 ice devils (Lair:8)
  18 yaktaurs
  A queen bee (shapeshifter) (Vaults:1)
  A red devil (Lair:8)
  10 trolls
  Grinder (D:4)
  12 two-headed ogres
  A giant leech (shapeshifter) (D:14)
  11 giant leeches
  21 slime creatures
  2 boulder beetles
  20 blink frogs
  A blink frog (shapeshifter) (D:15)
  8 bog bodies
  12 water moccasins
  14 spriggans
  2 shadows
  7 wraiths
  8 basilisks
  2 vampires
  The ghost of varam the Covert, an amateur SpEn (D:4)
  3 hogs (D:13)
  52 yaks
  A hungry ghost (D:11)
  2 wyverns
  12 hippogriffs
  19 vampire mosquitoes
  Menkaure (D:4)
  10 swamp worms
  Edmund (D:5)
  9 wargs (Orc:2)
  48 nagas
  3 insubstantial wisps (Swamp:1)
  2 mottled dragons (D:13)
  A porcupine (shapeshifter) (D:15)
  9 porcupines
  14 swamp drakes
  A sky beast (shapeshifter) (Vaults:2)
  3 black bears
  2 ice beasts
  19 wasps
  39 orc warriors
  A slave (D:7)
  2 sky beasts
  4 phantoms
  A necrophage (D:9)
  29 ogres
  A boggart (Vaults:2)
  8 centaurs
  12 crocodiles
  4 big kobolds
  2 gnoll sergeants
  30 giant frogs
  3 jellies
  A water moccasin zombie (D:5)
  A wyvern skeleton (D:8)
  2 scorpions
  6 killer bees (D:7)
  22 wights
  6 electric eels
  5 howler monkeys
  3 centaur zombies
  8 crimson imps
  A wasp zombie (D:13)
  2 giant frog zombies
  2 quasits
  32 orc wizards
  34 orc priests
  4 hounds
  7 centaur skeletons
  3 giant frog skeletons
  4 iguanas
  13 worker ants
  22 sheep
  6 ogre zombies (D:11)
  A worker ant zombie (D:9)
  Robin (D:4)
  31 gnolls
  13 adders
  73 river rats
  2 shadow imps
  4 oozes
  2 adder skeletons (D:6)
  2 worms
  A dart slug (D:2)
  4 giant geckos
  121 orcs
  4 ball pythons
  3 giant cockroaches
  23 goblins
  20 hobgoblins
  8 jackals
  5 quokkas
  12 bats
  A giant gecko skeleton (D:4)
  8 giant newts
  A goblin zombie (D:11)
  A hobgoblin skeleton (D:11)
  3 hobgoblin zombies (D:11)
  36 kobolds
  3 orc skeletons (D:11)
  11 orc zombies (D:11)
  6 rats
  6 briar patches
  2 plants (Snake:2)
1559 creatures vanquished.

Vanquished Creatures (others)
  Nergalle (Lair:1)
  A deep elf mage (Vaults:2)
  A spriggan (Swamp:2)
  A hungry ghost (D:7)
  2 slaves (D:7)
  An orc priest (Vaults:2)
  A jackal (D:7)
  2 briar patches
  36 fungi
  9 plants
55 creatures vanquished.

Grand Total: 1614 creatures vanquished

Notes
Turn   | Place    | Note
--------------------------------------------------------------
     0 | D:1      | inmateoo the Demonspawn Monk began the quest for the Orb.
     0 | D:1      | Reached XP level 1. HP: 18/18 MP: 1/1
    60 | D:1      | Gained mutation: You have sharp fingernails. [demonic ancestry]
    60 | D:1      | Reached XP level 2. HP: 23/24 MP: 2/2
   160 | D:1      | Reached skill level 4 in Unarmed Combat
   400 | D:1      | Gained mutation: You regenerate a little health from kills. [demonic ancestry]
   400 | D:1      | Reached XP level 3. HP: 18/29 MP: 3/3
  1323 | D:2      | Reached XP level 4. HP: 31/36 MP: 4/4
  1685 | D:2      | Reached skill level 5 in Unarmed Combat
  1726 | D:3      | You fall through a shaft for 2 floors!
  1726 | D:5      | Entered Level 5 of the Dungeon
  1740 | D:5      | Gained mutation: You sometimes gain a little power by taking damage. [demonic ancestry]
  1740 | D:5      | Reached XP level 5. HP: 30/42 MP: 5/5
  1866 | D:4      | Noticed an ogre
  1917 | D:4      | Noticed Grinder
  1937 | D:3      | Gained mutation: You have a pair of small horns on your head. [potion of mutation]
  1937 | D:3      | Gained mutation: You are agile. (Dex +2) [potion of mutation]
  1937 | D:3      | Gained mutation: You have a pair of horns on your head. [potion of mutation]
  2374 | D:3      | Gained mutation: You are very agile. (Dex +4) [potion of mutation]
  2374 | D:3      | Gained mutation: You are weak. (Str -2) [potion of mutation]
  2374 | D:3      | Gained mutation: Your natural rate of healing is unusually fast. [potion of mutation]
  2567 | D:4      | Noticed varam's ghost (amateur SpEn)
  2573 | D:4      | Killed Grinder
  2573 | D:4      | Reached skill level 5 in Fighting
  2573 | D:4      | Reached skill level 6 in Unarmed Combat
  2573 | D:4      | Gained mutation: You regenerate health from kills. [demonic ancestry]
  2573 | D:4      | Reached XP level 6. HP: 39/51 MP: 6/6
  2585 | D:4      | Killed varam's ghost
  2585 | D:4      | Gained mutation: You have very sharp fingernails. [demonic ancestry]
  2585 | D:4      | Reached XP level 7. HP: 41/56 MP: 7/7
  2613 | D:4      | Reached skill level 7 in Unarmed Combat
  2772 | D:4      | Noticed Robin
  2809 | D:4      | Killed Robin
  3276 | D:4      | Noticed Menkaure
  3283 | D:4      | Killed Menkaure
  3430 | D:5      | Reached XP level 8. HP: 59/64 MP: 8/8
  3613 | D:5      | Reached skill level 8 in Unarmed Combat
  3728 | D:5      | Noticed Edmund
  3730 | D:5      | Found a stormy altar of Qazlal.
  3734 | D:5      | Killed Edmund
  3962 | D:6      | Reached skill level 9 in Unarmed Combat
  4089 | D:5      | Reached skill level 1 in Armour
  4246 | D:6      | Reached XP level 9. HP: 72/72 MP: 9/9
  4403 | D:6      | Found a glowing silver altar of Zin.
  4549 | D:6      | Found a staircase to the Ecumenical Temple.
  4573 | Temple   | Entered the Ecumenical Temple
  4587 | Temple   | Became a worshipper of Cheibriados the Contemplative
  4587 | Temple   | Reached * piety under Cheibriados
  4587 | Temple   | Reached ** piety under Cheibriados
  4861 | D:7      | Noticed Pikel
  4869 | D:7      | Killed Pikel
  4944 | D:7      | Found Xammininuf's Antique Armour Shop.
  4959 | D:7      | Bought a pair of glowing boots for 144 gold pieces
  4969 | D:7      | Identified a +1 pair of boots of running (You bought it in a shop on level 7 of the Dungeon)
  5036 | D:7      | Noticed Joseph
  5048 | D:7      | Killed Joseph
  5048 | D:7      | Reached skill level 10 in Unarmed Combat
  5829 | D:7      | Reached *** piety under Cheibriados
  6081 | D:8      | Reached XP level 10. HP: 73/80 MP: 10/10
  6193 | D:8      | Noticed Yehuk's ghost (novice GrFi)
  6205 | D:9      | Reached skill level 5 in Dodging
  6228 | D:9      | Found a snail-covered altar of Cheibriados.
  6255 | D:9      | Reached **** piety under Cheibriados
  6384 | D:9      | Noticed a red ugly thing
  6396 | D:9      | Killed a red ugly thing
  6396 | D:9      | Reached skill level 11 in Unarmed Combat
  6396 | D:9      | Reached skill level 1 in Invocations
  6452 | D:9      | Found a staircase to the Lair.
  6726 | D:9      | Found a white marble altar of Elyvilon.
  7085 | D:10     | Entered Level 10 of the Dungeon
  7186 | D:10     | Noticed a hill giant
  7196 | D:10     | Killed a hill giant
  7242 | D:10     | Found a flagged portal.
  7256 | Bailey   | Entered a bailey
  7291 | Bailey   | Reached ***** piety under Cheibriados
  7382 | Bailey   | Noticed an orc knight
  7395 | Bailey   | Killed an orc knight
  7395 | Bailey   | Reached XP level 11. HP: 71/89 MP: 12/14
  7621 | D:10     | Noticed a hill giant
  7630 | D:10     | Killed a hill giant
  7786 | D:10     | Reached skill level 5 in Armour
  8055 | D:11     | Found a staircase to the Orcish Mines.
  8075 | D:11     | Noticed a hill giant
  8081 | D:11     | Killed a hill giant
  8081 | D:11     | Reached skill level 12 in Unarmed Combat
  8081 | D:11     | Reached skill level 5 in Invocations
  8172 | D:11     | Noticed a five-headed hydra
  8180 | D:11     | Killed a five-headed hydra
  8333 | D:11     | Noticed Urug
  8339 | D:11     | HP: 4/89 [Urug/halberd (3)]
  8342 | D:11     | Reached ****** piety under Cheibriados
  8352 | D:11     | Killed Urug
  8428 | D:11     | Noticed a green ugly thing
  8432 | D:11     | Killed a green ugly thing
  9073 | D:12     | Noticed Psyche
  9078 | D:12     | Killed Psyche
  9365 | D:12     | Noticed a hill giant
  9371 | D:12     | Killed a hill giant
  9371 | D:12     | Reached XP level 12. HP: 82/97 MP: 16/16
  9630 | D:12     | Reached skill level 10 in Fighting
 10338 | D:13     | Noticed a centaur warrior
 10344 | D:13     | Killed a centaur warrior
 10380 | D:13     | Reached skill level 13 in Unarmed Combat
 10425 | D:13     | Noticed a centaur warrior
 10434 | D:13     | Noticed an ogre mage
 10442 | D:13     | Killed a centaur warrior
 10448 | D:13     | Killed an ogre mage
 10592 | D:13     | Noticed Josephine
 10599 | D:13     | Killed Josephine
 10599 | D:13     | Reached XP level 13. HP: 86/104 MP: 8/19
 10741 | D:13     | Noticed Maud
 10752 | D:13     | Killed Maud
 10835 | D:13     | Noticed Kirke
 10846 | D:13     | Killed Kirke
 10906 | D:13     | Noticed a deep elf annihilator
 10913 | D:13     | Killed a deep elf annihilator
 10913 | D:13     | Reached skill level 14 in Unarmed Combat
 11021 | D:13     | Found a gate to the Vaults.
 11471 | D:14     | Noticed an ettin
 11483 | D:14     | Killed an ettin
 11991 | D:14     | Noticed Snorg
 12001 | D:14     | Killed Snorg
 12387 | D:14     | Reached skill level 10 in Invocations
 12479 | D:15     | Entered Level 15 of the Dungeon
 12597 | D:15     | Gained mutation: You are partially covered in icy blue scales (AC +1). [demonic ancestry]
 12597 | D:15     | Reached XP level 14. HP: 113/113 MP: 21/21
 12628 | D:15     | Found a sacrificial altar of Ru.
 12792 | D:15     | Reached skill level 15 in Unarmed Combat
 12811 | D:15     | Found a staircase to the Depths.
 13525 | Lair:1   | Entered Level 1 of the Lair of Beasts
 13727 | Lair:1   | Noticed Nergalle
 13735 | Lair:1   | Killed Nergalle
 14242 | Lair:2   | Lost mutation: You are weak. (Str -2) [potion of beneficial mutation]
 14243 | Lair:2   | Gained mutation: You have sharp toenails. [potion of beneficial mutation]
 14690 | Lair:2   | Got a brightly glowing golden ring
 14716 | Lair:2   | Identified the ring of Exoqo {SustAt +Fly rC+ MR- Dex+4} (You found it on level 2 of the Lair of Beasts)
 15038 | Lair:3   | Reached skill level 10 in Dodging
 15213 | Lair:3   | Reached skill level 1 in Spellcasting
 15860 | Lair:4   | Found a staircase to the Swamp.
 16041 | Lair:4   | Reached XP level 15. HP: 121/121 MP: 23/23
 16375 | Lair:5   | Found a snail-covered altar of Cheibriados.
 16544 | Lair:5   | Found a staircase to the Snake Pit.
 16925 | Lair:5   | Got a heavily runed cloak
 16936 | Lair:5   | Identified the +2 cloak of Ystridol {Dex+2} (You found it on level 5 of the Lair of Beasts)
 18113 | Lair:7   | Reached skill level 16 in Unarmed Combat
 18594 | Lair:8   | Entered Level 8 of the Lair of Beasts
 18795 | Lair:8   | Found a snail-covered altar of Cheibriados.
 19159 | Lair:8   | Found a burning altar of Makhleb.
 19203 | Lair:8   | Found a gateway to Hell.
 19219 | Lair:8   | Learned a level 4 spell: Petrify
 19226 | Lair:8   | Learned a level 6 spell: Deflect Missiles
 19688 | Orc:1    | Entered Level 1 of the Orcish Mines
 20091 | Orc:2    | Entered Level 2 of the Orcish Mines
 20092 | Orc:2    | Found a staircase to the Elven Halls.
 20145 | Orc:2    | Noticed an orc warlord
 20156 | Orc:2    | Killed an orc warlord
 20156 | Orc:2    | Reached skill level 10 in Armour
 20203 | Orc:2    | Reached skill level 1 in Earth Magic
 20204 | Orc:2    | Reached skill level 1 in Air Magic
 20245 | Orc:2    | Found a roughly hewn altar of Beogh.
 20316 | Orc:2    | Reached skill level 1 in Transmutations
 20443 | Orc:2    | Found a roughly hewn altar of Beogh.
 20582 | Orc:2    | Found a roughly hewn altar of Beogh.
 20586 | Orc:2    | Reached XP level 16. HP: 129/129 MP: 25/25
 20607 | Orc:2    | Found Egoc's Antique Armour Shoppe.
 20616 | Orc:2    | Bought a jewelled chain mail for 209 gold pieces
 20616 | Orc:2    | Bought a pair of glowing boots for 99 gold pieces
 20638 | Orc:2    | Identified the cursed +0 chain mail of Spite {Dex+3} (You bought it in a shop on level 2 of the Orcish Mines)
 20697 | Orc:2    | Noticed Saint Roka
 20711 | Orc:2    | Killed Saint Roka
 20735 | Orc:2    | Found a roughly hewn altar of Beogh.
 20735 | Orc:2    | Found Miuret's Antique Armour Shoppe.
 20737 | Orc:2    | Found Ynleq's Antique Weapon Emporium.
 20846 | Orc:2    | Found a roughly hewn altar of Beogh.
 20863 | Orc:2    | Found Tejapn's Armour Shoppe.
 20980 | Orc:2    | Found a roughly hewn altar of Beogh.
 21134 | Orc:2    | Found a roughly hewn altar of Beogh.
 21134 | Orc:2    | Found Qixeikana's Jewellery Boutique.
 21156 | Orc:2    | Bought the ring of Eskotuyt {rPois rF+ Str+2 Int-4} for 384 gold pieces
 21393 | Swamp:1  | Entered Level 1 of the Swamp
 22220 | Swamp:2  | Noticed a thorn hunter
 22236 | Swamp:2  | Killed a thorn hunter
 23100 | Swamp:3  | Reached skill level 5 in Spellcasting
 23132 | Swamp:3  | Identified a scroll of acquirement
 23489 | Swamp:4  | Entered Level 4 of the Swamp
 23491 | Swamp:4  | Noticed a thorn hunter
 23501 | Swamp:4  | Killed a thorn hunter
 23669 | Swamp:4  | Reached skill level 17 in Unarmed Combat
 23702 | Swamp:4  | Gained mutation: You are mostly covered in icy blue scales (AC +3, EV -1). [demonic ancestry]
 23702 | Swamp:4  | Reached XP level 17. HP: 92/137 MP: 12/27
 23738 | Swamp:4  | Noticed the 27-headed Lernaean hydra
 23749 | Swamp:4  | Killed the 27-headed Lernaean hydra
 23889 | Swamp:4  | Got a decaying rune of Zot
 23985 | Swamp:4  | Noticed a tentacled monstrosity
 23995 | Swamp:4  | Killed a tentacled monstrosity
 24637 | Vaults:1 | Entered Level 1 of the Vaults
 24849 | Vaults:1 | Paralysed by an ogre mage for 3 turns
 25122 | Vaults:1 | Noticed Louise
 25122 | Vaults:1 | Noticed Wiglaf
 25124 | Vaults:1 | Reached skill level 5 in Earth Magic
 25125 | Vaults:1 | Noticed Agnes
 25126 | Vaults:1 | Killed Agnes
 25132 | Vaults:1 | Killed Louise
 25136 | Vaults:1 | Killed Wiglaf
 25459 | Vaults:1 | Reached skill level 5 in Transmutations
 25836 | Vaults:2 | Gained mutation: You sometimes gain power by taking damage. [demonic ancestry]
 25836 | Vaults:2 | Reached XP level 18. HP: 140/144 MP: 28/28
 25863 | Vaults:2 | Noticed Mennas
 25887 | Vaults:2 | HP: 1/144 [cyclops/large rock (32)]
 26306 | Snake:1  | Entered Level 1 of the Snake Pit
 26525 | Snake:1  | Reached skill level 5 in Air Magic
 26819 | Snake:1  | Found Qacixoj's Book Boutique.
 26991 | Snake:2  | Found a blossoming altar of Fedhas.
 28117 | Snake:2  | Learned a level 1 spell: Apportation
 28178 | Snake:3  | Reached skill level 18 in Unarmed Combat
 28840 | Snake:4  | Entered Level 4 of the Snake Pit
 28964 | Snake:4  | Noticed CcS's ghost (adept MiBe)
 28973 | Snake:4  | Killed CcS's ghost
 29166 | Snake:4  | Noticed Vashnia
 29173 | Snake:4  | Killed Vashnia
 29173 | Snake:4  | Gained mutation: You have claws for hands. [demonic ancestry]
 29173 | Snake:4  | Reached XP level 19. HP: 124/152 MP: 30/30
 29358 | Snake:4  | Noticed CcS's ghost (adept MiBe)
 29374 | Snake:4  | Killed CcS's ghost
 29377 | Snake:4  | Got an encrusted cloak
 29385 | Snake:4  | Identified the +2 cloak of Xierchodi {rElec} (You found it on level 4 of the Snake Pit)
 29638 | Snake:4  | Reached skill level 15 in Invocations
 29788 | Snake:4  | Got a serpentine rune of Zot
 30569 | Vaults:2 | Reached skill level 1 in Shields
 30642 | Vaults:2 | Noticed a bone dragon
 30658 | Vaults:2 | Killed a bone dragon
 30697 | Vaults:2 | Learned a level 9 spell: Tornado
 30708 | Vaults:2 | Found a staircase to the Crypt.
 31051 | Vaults:2 | Slain by Mennas

Skill      XL: |  1  2  3  4  5  6  7  8  9 10 11 12 13 14 15 16 17 18 19 |
---------------+----------------------------------------------------------+-----
Unarmed Combat | 4 5 6 7 9 10 11 12 13 14 15 16 17 18 | 18.6
Fighting       | 4 5 6 7 8 9 10 11 12 13 14 | 14.6
Dodging        | 3 4 5 7 8 9 10 11 12 | 12.4
Armour         | 1 3 4 5 7 8 9 10 11 12 | 12.0
Invocations    | 4 6 8 10 11 12 13 14 15 | 15.4
Spellcasting   | 1 3 5 6 7 8 |  8.2
Earth Magic    | 1 4 5 6 7 |  7.3
Air Magic      | 1 3 4 5 6 |  6.8
Transmutations | 1 3 5 6 7 |  7.3
Shields        | 1 |  1.5
Stealth        | |  1.7

Action                   |  1- 3 |  4- 6 |  7- 9 | 10-12 | 13-15 | 16-18 | 19-21 || total
-------------------------+-------+-------+-------+-------+-------+-------+-------++-------
Melee: Unarmed           |   145 |   133 |   315 |   643 |  1107 |  1177 |   468 ||  3988
       Punch             |     4 |     5 |    12 |    41 |   133 |   137 |    33 ||   365
       Headbutt          |       |    12 |    68 |   224 |   406 |   431 |   158 ||  1299
Invok: Slouch            |       |       |       |     5 |    10 |    11 |     7 ||    33
Evoke: Wand              |       |     8 |       |     3 |     5 |     7 |       ||    23
  Use: Potion            |     1 |     2 |       |     6 |     5 |    11 |     2 ||    27
       Scroll            |       |     8 |     6 |     5 |    10 |    10 |     4 ||    43
 Stab: Sleeping          |     2 |     4 |       |       |       |       |       ||     6
       Confused          |       |       |       |       |     1 |     1 |     2 ||     4
       Invisible         |       |       |       |       |       |     3 |       ||     3
  Eat: Chunk             |     1 |     4 |     9 |     6 |    15 |     9 |     1 ||    45
       Fruit             |       |       |       |     3 |       |       |       ||     3
       Royal jelly       |       |       |       |     1 |     3 |       |       ||     4
       Beef jerky        |       |       |       |     1 |     3 |     2 |       ||     6
       Pizza             |       |       |       |       |       |     6 |       ||     6
Armor: Robe              |    35 |       |       |       |       |       |       ||    35
       Leather armour    |       |    26 |    26 |       |       |       |       ||    52
       Chain mail        |       |       |   125 |   221 |   241 |       |       ||   587
       Plate armour      |       |       |       |       |     6 |   518 |   197 ||   721
Dodge: Dodged            |    94 |    50 |   153 |   593 |  1204 |  1386 |   349 ||  3829
Block: Other             |       |       |       |       |       |    22 |    20 ||    42
       Reflection        |       |       |       |       |       |     1 |     4 ||     5
       Buckler           |       |       |       |       |       |       |    96 ||    96
